 Dungeon Crawl Stone Soup version 0.23.2-33-g5129a83184 (webtiles) character file.

Game seed: 12219731139170738503

62 funkygono the Shield-Bearer (level 4, -3/28 HPs)
             Began as a Gargoyle Fighter on July 18, 2019.
             Was an Initiate of the Shining One.
             Slain by an ogre
             ... wielding a +0 giant club
              (10 damage)
             ... on level 3 of the Dungeon.
             The game lasted 00:04:13 (1225 turns).

funkygono the Shield-Bearer (Gargoyle Fighter)      Turns: 1225, Time: 00:04:14

Health: -3/28      AC: 10    Str: 21    XL:     4   Next: 8%
Magic:  4/4        EV:  7    Int:  8    God:    the Shining One [......]
Gold:   135        SH: 10    Dex:  9    Spells: 3/3 levels left

rFire    . . .     SeeInvis .   a - +0 flail
rCold    . . .     Gourm    .   c - +1 shield
rNeg     + . .     Faith    .   b - +0 scale mail
rPois    ∞         Spirit   .   (no helmet)
rElec    +         Reflect  .   (no cloak)
rCorr    .         Harm     .   (no gloves)
MR       .....                  (no boots)
Stlth    ..........             (no amulet)
HPRegen  0.09/turn              (no ring)
MPRegen  0.09/turn              (no ring)

@: glowing
A: negative energy resistance 1, electricity resistance, unbreathing,
petrification resistance, rot immunity, AC +3
a: Renounce Religion


You were on level 3 of the Dungeon.
You worshipped the Shining One.
The Shining One was noncommittal.
You were hungry.

You visited 1 branch of the dungeon, and saw 3 of its levels.

You collected 135 gold pieces.

Inventory:

Hand Weapons
 a - a +0 flail (weapon)
 e - a cursed -1 hunting sling
Missiles
 h - 61 stones (quivered)
 m - 20 sling bullets
Armour
 b - a +0 scale mail (worn)
 c - a +1 shield (worn)
Scrolls
 i - a scroll of identify
Potions
 d - a potion of might
 j - a potion of invisibility
 k - 2 potions of curing
 l - 2 potions of mutation {unknown}
 o - a potion of heal wounds {unknown}
Comestibles
 f - 7 rations
 g - a chunk of flesh


   Skills:
 + Level 3.5 Fighting
 + Level 3.0 Maces & Flails
 + Level 3.6 Armour
 + Level 0.7 Dodging
 + Level 3.9 Shields


You had 3 spell levels left.
You didn't know any spells.
Your spell library was empty.

Dungeon Overview and Level Annotations

Branches:
Dungeon (3/15)

Altars:
Yredelemnul
The Shining One


Innate Abilities, Weirdness & Mutations

You are resistant to torment.
Your stone body is resilient. (AC +3)
You are immune to poison.
You resist negative energy. (rN+)
You are resistant to electric shocks. (rElec)
You can survive without breathing.
You are immune to petrification.
You are immune to rotting.


Message History

(D) Dungeon
Where to? (Enter - D:2, ? - help)
What level of the Dungeon? (default 1, ? - help)
There is a stone staircase leading down here.
You climb downwards.
Found a scroll of identify.
There is a stone staircase leading up here.
i - a scroll of identify Some of the chunks of flesh in your inventory have rotted away.
There is a stone staircase leading up here.
An ogre comes into view. It is wielding a +0 giant club.
The ogre shouts!
You hear a shout!
You hit the ogre but do no damage.
The ogre hits you with a +0 giant club!!
Ouch! That really hurt!
* * * LOW HITPOINT WARNING * * *
You barely miss the ogre.
You are feeling hungry.
The ogre hits you with a +0 giant club!
You die...

##
######.#.#
#.#.#
#.#.#
#.#.#
#.#.# #.#
#.# #.#
#@# #O#
#.# #.#
#.#.#...#
..O....##
..#.#..
.......
....##.


You could see an ogre.

Vanquished Creatures
  2 adders (D:2)
  An ooze (D:1)
  A worm (D:2)
  2 dart slugs (D:1)
  3 giant cockroaches
  3 hobgoblins
  4 jackals (D:1)
  3 kobolds
  5 bats
  3 frilled lizards (D:1)
  4 goblins
  2 rats (D:2)
33 creatures vanquished.

Notes
Turn   | Place    | Note
-------+----------+-------------------------------------------
     0 | D:1      | funkygono the Gargoyle Fighter began the quest for the Orb.
     0 | D:1      | Reached XP level 1. HP: 14/14 MP: 1/1
   208 | D:1      | Reached XP level 2. HP: 17/19 MP: 2/2
   398 | D:1      | Reached XP level 3. HP: 21/23 MP: 3/3
   872 | D:2      | Found a basalt altar of Yredelemnul.
   966 | D:2      | Reached XP level 4. HP: 28/28 MP: 4/4
  1024 | D:2      | Found a glowing golden altar of the Shining One.
  1032 | D:2      | Became a worshipper of the Shining One
  1216 | D:3      | Noticed an ogre
  1225 | D:3      | Slain by an ogre

Skill      XL: |  1  2  3  4 |
---------------+-------------+-----
Maces & Flails | 3 |  3.0
Fighting       | |  3.5
Armour         | |  3.6
Dodging        | |  0.7
Shields        | |  3.9

Action                   |  1- 3 |  4- 6 || total
-------------------------+-------+-------++-------
Melee: Flail             |   166 |    14 ||   180
  Use: Scroll            |     4 |     2 ||     6
  Eat: Chunk             |     1 |       ||     1
Armor: Scale mail        |   110 |    14 ||   124
Dodge: Dodged            |    58 |     4 ||    62
Block: Shield            |   115 |     7 ||   122
